 Dungeon Crawl Stone Soup version 0.23-a0-4-g8f018a2 (webtiles) character file.

72 Leszczynek the Sneak (level 4, -2/27 HPs)
             Began as a Deep Elf Monk on July 31, 2018.
             Slain by a worker ant (4 damage)
             ... on level 4 of the Dungeon.
             The game lasted 00:11:56 (1959 turns).

Leszczynek the Sneak (Deep Elf Monk)                Turns: 1959, Time: 00:11:56

Health: -2/27      AC:  4    Str:  8    XL:     4   Next: 7%
Magic:  11/11      EV: 14    Int: 16    God:
Gold:   51         SH:  0    Dex: 17    Spells: 9/9 levels left

rFire    . . .     SeeInvis .   a - +0 short sword
rCold    . . .     Gourm    .   (no shield)
rNeg     . . .     Faith    .   b - +0 robe
rPois    .         Spirit   .   (no helmet)
rElec    .         Reflect  .   i - +1 cloak (curse)
rCorr    .         Harm     .   (no gloves)
MR       .....                  (no boots)
Stlth    +++.......             (no amulet)
HPRegen  0.09/turn              g - ring of flight
MPRegen  0.12/turn              (no ring)

@: no status effects
A: no striking features
a: Evoke Flight


You were on level 4 of the Dungeon.
You were not hungry.

You visited 1 branch of the dungeon, and saw 4 of its levels.

You collected 51 gold pieces.

Inventory:

Hand Weapons
 a - a +0 short sword (weapon)
Missiles
 c - 68 stones (quivered)
 f - 21 arrows
 j - 19 bolts
Armour
 b - a +0 robe (worn)
 i - a cursed +1 cloak (worn)
Jewellery
 g - a ring of flight (left hand)
Scrolls
 e - a scroll of blinking
 k - a scroll of noise {unknown}
 m - a scroll of enchant weapon {unknown}
 n - 2 scrolls of teleportation
Comestibles
 d - 2 rations


   Skills:
 - Level 2.4 Fighting
 - Level 3.0 Short Blades
 - Level 3.6 Dodging
 + Level 4.3 Stealth
 + Level 3.3 Spellcasting


You had 9 spell levels left.
You didn't know any spells.
Your spell library was empty.

Dungeon Overview and Level Annotations

Branches:
Dungeon (4/15)
 Temple: D:4-7

Altars:
Ashenzari
Kikubaaqudgha
Nemelex Xobeh
Wu Jian
Yredelemnul

Shops:
D:4 [

Annotations:
D:2 Robin
D:3 2 transporters, Ijyb, Menkaure


Message History

You hit the worker ant.
The worker ant is almost dead.
The worker ant barely misses you.
You barely miss the worker ant.
The worker ant is almost dead.
The worker ant bites you.
* * * LOW HITPOINT WARNING * * *
You hit the worker ant but do no damage.
The worker ant is almost dead.
The worker ant misses you.
You hit the worker ant but do no damage.
The worker ant is almost dead.
The worker ant closely misses you.
You hit the worker ant but do no damage.
The worker ant is almost dead.
The worker ant barely misses you.
You hit the worker ant.
The worker ant is almost dead.
The worker ant bites you.
You die...

... ... ...
########. ...
......... #.#
#.......#
#..###.......#
#####...........#
......a@........#
####..##.........
#.....<..(..##
...........###
#...............
..........######
.#........#
#..%%.....
#...###.##


You could see a worker ant.

Vanquished Creatures
  3 adders
  2 oozes (D:3)
  A dart slug (D:3)
  A leopard gecko (D:3)
  A giant cockroach (D:2)
  5 goblins
  4 hobgoblins
  5 kobolds
  A quokka (D:2)
  3 bats
  5 frilled lizards
  5 rats
36 creatures vanquished.

Notes
Turn   | Place    | Note
-------+----------+-------------------------------------------
     0 | D:1      | Leszczynek the Deep Elf Monk began the quest for the Orb.
     0 | D:1      | Reached XP level 1. HP: 13/13 MP: 3/3
   292 | D:1      | Reached skill level 3 in Stealth
   292 | D:1      | Reached skill level 1 in Spellcasting
   292 | D:1      | Reached XP level 2. HP: 8/18 MP: 3/6
   300 | D:1      | HP: 3/18 [poisoned by an adder]
   562 | D:2      | Noticed Robin
   853 | D:1      | Reached skill level 2 in Spellcasting
   968 | D:1      | You fall through a shaft!
  1135 | D:3      | Reached XP level 3. HP: 9/22 MP: 8/8
  1146 | D:3      | Found a shattered altar of Ashenzari.
  1194 | D:3      | Noticed Ijyb
  1216 | D:4      | Found Fumept's Armour Shoppe.
  1244 | D:3      | Reached skill level 4 in Stealth
  1250 | D:3      | Noticed a hungry ghost
  1253 | D:3      | Found a transporter.
  1258 | D:3      | Found a transporter.
  1271 | D:3      | Found an ancient bone altar of Kikubaaqudgha.
  1275 | D:3      | Noticed Menkaure
  1281 | D:3      | Found a basalt altar of Yredelemnul.
  1373 | D:3      | Reached skill level 3 in Spellcasting
  1498 | D:3      | Found an ornate altar of the Wu Jian Council.
  1515 | D:3      | Found a sparkling altar of Nemelex Xobeh.
  1727 | D:2      | Reached XP level 4. HP: 17/27 MP: 10/10
  1842 | D:3      | HP: 4/27 [Ijyb/club (5)]
  1955 | D:4      | HP: 1/27 [worker ant (5)]
  1959 | D:4      | Slain by a worker ant

Vault maps used:
D:1:      dpeg_arrival_snail
D:2:      kb_forest_paths, okawaru_metal_pillars_1_2, minmay_ruptured,
          uniq_terence, uniq_robin, uniq_natasha
D:3:      gammafunk_temple_of_torment, overflow_temple_1_default,
          overflow_temple_1_default, marbit_many_paths, first_ration,
          hangedman_abyss_or_decor_stabs, uniq_ijyb
D:4:      serial_shops, shop, gammafunk_ghost_grave, uniq_sigmund

Skill      XL: |  1  2  3 |
---------------+----------+-----
Stealth        | 3 4 |  4.3
Spellcasting   | 1 2 3 |  3.3
Fighting       | |  2.4
Short Blades   | |  3.0
Dodging        | |  3.6

Action                   |  1- 3 |  4- 6 || total
-------------------------+-------+-------++-------
Melee: Short sword       |   150 |    48 ||   198
Throw: Stone             |     1 |    15 ||    16
  Use: Potion            |     1 |     1 ||     2
       Scroll            |     7 |     1 ||     8
 Stab: Sleeping          |     4 |     1 ||     5
  Eat: Chunk             |     3 |     1 ||     4
Armor: Robe              |    22 |     8 ||    30
Dodge: Dodged            |   123 |    39 ||   162

Table legend:
 A = Spawn XP
 B = Non-spawn XP
 C = Spawn XP percentage of total XP
 D = Spawn monster count
 E = Non-spawn monster count
 F = Spawn count percentage of total count
 G = Total turns spent on level
                    A         B        C        D         E        F      G
               +---------+---------+-------+---------+---------+-------+---------
         Total |       0 |     104 |   0.0 |       0 |      36 |   0.0 |  1959
               +---------+---------+-------+---------+---------+-------+---------
           D:1 |       0 |      24 |   0.0 |       0 |       9 |   0.0 |   898
           D:2 |       0 |      27 |   0.0 |       0 |       9 |   0.0 |   247
           D:3 |       0 |      52 |   0.0 |       0 |      17 |   0.0 |   776
           D:4 |       0 |       1 |   0.0 |       0 |       1 |   0.0 |    38
               +---------+---------+-------+---------+---------+-------+---------
